 Dungeon Crawl Stone Soup version 0.26.1-11-gd32895ea62 (webtiles) character file.

Game seed: 4052774314417693321

38 H0rd4k the Insei (level 3, 0/23 HPs)
             Began as an Octopode Transmuter on June 28, 2021.
             Succumbed to an adder's poison
             ... on level 3 of the Dungeon.
             The game lasted 00:01:00 (1794 turns).

H0rd4k the Insei (Octopode Transmuter)              Turns: 1794, Time: 00:01:01

Health: 0/23       AC:  1    Str:  9    XL:     3   Next: 43%
Magic:  5/6        EV: 13    Int: 16    God:
Gold:   53         SH:  0    Dex: 12    Spells: 2/6 levels left

rFire    . . .     SeeInvis .     - Unarmed
rCold    . . .     Faith    .   (no shield)
rNeg     . . .     Spirit   .   (helmet currently unavailable)
rPois    .         Reflect  .   (no amulet)
rElec    .         Harm     .   (no ring)
rCorr    .         Rampage  .   (no ring)
Will     .....                  (no ring)
Stlth    ++........             (no ring)
HPRegen  0.07/turn              (no ring)
MPRegen  0.10/turn              (no ring)
                                (no ring)
                                (no ring)

@: lethally poisoned (0 -> -7), appendages (expiring)
A: almost no armour, stealthy swim, amphibious, 8 rings, constrict 8, tentacle
spike 3, camouflage 1, gelatinous body 1
a: End Transformation


You were on level 3 of the Dungeon.
One of your tentacles had a temporary spike.
You visited 1 branch of the dungeon, and saw 3 of its levels.

You collected 53 gold pieces.

Inventory:

Missiles
 d - 11 poisoned darts
Scrolls
 a - 2 scrolls of teleportation {unknown}
 c - a scroll of amnesia {unknown}
 e - 4 scrolls of identify {unknown}
 f - a scroll of magic mapping {unknown}


   Skills:
 + Level 1.0 Fighting
 + Level 2.3 Dodging
 - Level 0.6 Stealth
 + Level 3.7 Unarmed Combat
 * Level 2.3 Spellcasting
 * Level 2.1 Transmutations


You had 2 spell levels left.
You knew the following spells:

 Your Spells              Type           Power        Failure   Level
a - Beastly Appendage     Tmut           16%          9%          1
b - Spider Form           Tmut/Pois      2%           36%         3

Your spell library contained the following spells:

 Spells                   Type           Power        Failure   Level
 Wereblood                Tmut           8%           13%         2
 Confusing Touch          Hex            1%           52%         3
 Gell's Gravitas          Tloc           0%           52%         3
 Ice Form                 Ice/Tmut       5%           78%         4
 Petrify                  Tmut/Erth      5%           78%         4
 Blade Hands              Tmut           4%           93%         5
 Yara's Violent Unravell  Hex/Tmut       2%           98%         5
 Metabolic Englaciation   Hex/Ice        0%           99%         5


Dungeon Overview and Level Annotations

Branches:
Dungeon (3/15)

Altars:


Innate Abilities, Weirdness & Mutations

You cannot wear most types of armour.
You are very stealthy in the water. (Stealth+)
You are amphibious.
You can wear up to eight rings at the same time.
You can use your tentacles to constrict eight enemies at once.
Your skin changes colour to match your surroundings (Stealth+).
Your rubbery body absorbs attacks. (AC +1, EV +1)
One of your tentacles bears a large vicious spike.


Message History

The adder is moderately wounded.
Your transformation is almost over.
You constrict the adder.
* * * LOW HITPOINT WARNING * * *
You feel sick. The adder bites you.
* * * LOW HITPOINT WARNING * * *
You tentacle-slap the adder. You squeeze the adder.
You kill the adder!
* * * LOW HITPOINT WARNING * * *
You feel sick.
You barely miss the goblin. You grab the goblin. You constrict the goblin.
The goblin barely misses you.
You tentacle-slap the goblin but do no damage.
The goblin is moderately wounded.
You constrict the goblin.
* * * LOW HITPOINT WARNING * * *
You feel sick. The goblin closely misses you.
You tentacle-slap the goblin.
You kill the goblin!
You die...

####..... ##........
##........##
#..........#
#........?.########.
#..........#........
#.......g..#@#
#..........†.#
#....<...####
#..........#
#..........#
#..........#
#..........#
#..........#
##........##


There were no monsters in sight!

Vanquished Creatures
  An adder (D:3)
  An ooze (D:1)
  3 goblins
  5 hobgoblins
  2 jackals (D:1)
  2 ball pythons (D:1)
  3 bats
  2 frilled lizards (D:1)
  2 kobolds
  5 rats
26 creatures vanquished.

Notes
Turn   | Place    | Note
-------+----------+-------------------------------------------
     0 | D:1      | H0rd4k the Octopode Transmuter began the quest for the Orb.
     0 | D:1      | Reached XP level 1. HP: 13/13 MP: 3/3
   295 | D:1      | Reached XP level 2. HP: 13/18 MP: 5/5
  1632 | D:2      | Reached XP level 3. HP: 23/23 MP: 6/6
  1636 | D:2      | Learned a level 3 spell: Spider Form
  1760 | D:2      | Noticed an orc warrior
  1791 | D:3      | HP: 1/23 [poisoned by an adder]
  1794 | D:3      | Succumbed to an adder's poison

Illustrated notes

Levels and vault maps discovered:
D:1:      psy_arrival_radial01, layout_loops_corners, serial_glass,
          glass_columns_b, glass_columns_a
D:2:      layout_basic, interstate_on_off, minmay_increasing_density
D:3:      layout_rooms, old_standard_altar, lemuel_crystal_altar

Action                   || total
-------------------------++-------
Melee: Unarmed           ||    68
       Constrict         ||    17
       Tentacles         ||     8
 Cast: Beastly Appendage ||     1
  Use: Potion            ||     1
 Stab: Distracted        ||     1
Armor: Skin              ||     3
Dodge: Dodged            ||    43
